 Dungeon Crawl Stone Soup version 0.25-a0-566-g062765be81 (webtiles) character file.

Game seed: 17977756128420780216, levelgen mode: deterministic

23 Flugslaktarn the Covered (level 2, -12/28 HPs)
             Began as a Deep Dwarf Fighter on Feb 28, 2020.
             Mangled by an ogre
             ... wielding a +0 giant club
              (15 damage)
             ... on level 4 of the Dungeon.
             The game lasted 00:00:19 (218 turns).

Flugslaktarn the Covered (Deep Dwarf Fighter)        Turns: 218, Time: 00:00:20

Health: -12/28     AC:  9    Str: 19    XL:     2   Next: 72%
Magic:  2/2        EV:  5    Int:  8    God:
Gold:   6          SH:  9    Dex: 12    Spells: 1/1 levels left

rFire    . . .     SeeInvis .   a - +0 war axe
rCold    . . .     Gourm    .   c - +0 kite shield
rNeg     . . .     Faith    .   g - +0 chain mail
rPois    .         Spirit   .   (no helmet)
rElec    .         Reflect  .   (no cloak)
rCorr    .         Harm     .   (no gloves)
MR       .....                  (no boots)
Stlth    ..........             (no amulet)
HPRegen  0.00/turn              (no ring)
MPRegen  0.08/turn              (no ring)

@: non-regenerating
A: damage resistance, heal wounds, sense surroundings 1, no regeneration
a: Heal Wounds


You were on level 4 of the Dungeon.
You were not hungry.

You visited 1 branch of the dungeon, and saw 4 of its levels.

You collected 6 gold pieces.

Inventory:

Hand Weapons
 a - a +0 war axe (weapon)
Armour
 b - a +0 scale mail
 c - a +0 kite shield (worn)
 g - a +0 chain mail (worn)
   (You found it on level 2 of the Dungeon)
Potions
 d - a potion of might
 h - a potion of invisibility {unknown}
 i - a potion of brilliance {unknown}
Comestibles
 e - a ration
 f - 6 chunks of flesh


   Skills:
 * Level 3.0 Fighting
 * Level 2.8 Axes
 + Level 3.4 Armour
 + Level 3.4 Shields


You had one spell level left.
You didn't know any spells.
Your spell library was empty.

Dungeon Overview and Level Annotations

Branches:
Dungeon (4/15)
 Temple: D:4-7

Altars:
Cheibriados


Innate Abilities, Weirdness & Mutations

You are resistant to damage.
You can heal yourself by infusing magical energy.
You passively map a small area around you.
You do not regenerate.


Message History

The ogre is heavily wounded.
The ogre hits you with a +0 giant club!
You slash the ogre!
The ogre is almost dead.
The ogre hits you with a +0 giant club! x2
* * * LOW HITPOINT WARNING * * *
You are too injured to fight recklessly!
You are too injured to fight recklessly!
You feel much better.
You barely miss the ogre.
The ogre is almost dead.
The ogre barely misses you.
Your shield and chain mail prevent you from hitting the ogre.
The ogre is almost dead.
The ogre hits you with a +0 giant club!!
Ouch! That really hurt!
* * * LOW HITPOINT WARNING * * *
The ogre hits you with a +0 giant club!
Ouch! That really hurt!
You die...

* , , , * * , **
# , , #. , #. * *
, #####.# *
....... *,*
.......### * *
#..O@#,* * *
.......#.†......
.#.)..###.......*
+.... .......
*#... ....... ,,
#... * ....... *
, #.. *####### ,
#.. * *


You could see an ogre.

Vanquished Creatures
  A dart slug (D:3)
  4 orcs (D:3)
  3 bats
  2 jackals (D:3)
  2 kobolds
  A quokka (D:4)
  3 frilled lizards
16 creatures vanquished.

Notes
Turn   | Place    | Note
-------+----------+-------------------------------------------
     0 | D:1      | Flugslaktarn the Deep Dwarf Fighter began the quest for the
                  | Orb.
     0 | D:1      | Reached XP level 1. HP: 20/20 MP: 1/1
   117 | D:3      | Reached XP level 2. HP: 25/27 MP: 2/2
   152 | D:3      | Found a snail-covered altar of Cheibriados.
   206 | D:4      | Noticed an ogre
   218 | D:4      | Mangled by an ogre

Levels and vault maps discovered:
D:1:      dpeg_arrival_tiny_k, layout_basic, minmay_tripent
D:2:      layout_loops_ring, grunt_temple_overflow_growth_and_decay,
          chequers_ecumenical_altar_simple_redux
D:3:      layout_basic, kennysheep_slug_shrine, ebering_ghost_sewer_d,
          chequers_decorated_corner, chequers_serial_rivers_micro_e,
          fedhas_altar_fruit_tree, uniq_natasha
D:4:      layout_basic, ebering_ghost_reflecting_pool,
          chequers_ossuary_entry_cave, serial_shops, shop, first_ration,
          bloody_makhleb

Skill      XL: |  1  2 |
---------------+-------+-----
Fighting       | 3 |  3.0
Axes           | |  2.8
Armour         | |  3.4
Shields        | |  3.4

Action                   || total
-------------------------++-------
Melee: War axe           ||    59
 Abil: Heal Wounds       ||     2
Armor: Scale mail        ||    11
       Chain mail        ||    21
Dodge: Dodged            ||    15
Block: Kite shield       ||    27

Table legend:
 A = Non-vault XP
 B = Vault XP
 C = Vault XP percentage of total XP
 D = Non-vault monster count
 E = Vault monster count
 F = Vault count percentage of total count
                 A         B        C        D         E       F
            +---------+---------+-------+---------+---------+-------
      Total |      29 |       4 |  12.1 |      15 |       1 |   6.2
            +---------+---------+-------+---------+---------+-------
        D:1 |       2 |       0 |   0.0 |       1 |       0 |   0.0
        D:2 |       7 |       0 |   0.0 |       5 |       0 |   0.0
        D:3 |      18 |       4 |  18.2 |       8 |       1 |  11.1
        D:4 |       2 |       0 |   0.0 |       1 |       0 |   0.0
            +---------+---------+-------+---------+---------+-------
